AoeStats
← [Marty]TheEY

Arena

509316148Analyzed
4v4 RM · 7d ago on Sep 26, 2026· 49m 13s· 8 players
Game mode
Random Map
Map size
Large (8 player)
Population
200
Speed
Normal
Resources
Standard
Victory
Conquest
Starting age
Dark Age
Ending age
Imperial Age
RankedLock teamsTeams togetherTeam positionsShared explorationLock speedFull tech treeHidden civsTurbo modeCheats
Victory
Defeat
🇨🇳 Ethiopians · China
1629
+13
🇹🇷 Varangians · Türkiye
1601
+14
🇭🇰 Italians · Hong Kong SAR China
1573
+15
🇭🇰 Cumans · Hong Kong SAR China
1564
+15
🇺🇸 Danes · United States
1642
-19
🇩🇪 Spanish · Germany
1582
-15
🇹🇷 Hindustanis · Türkiye
1509
-12
🇨🇳 Mongols · China
1474
-11
[Marty]TheEY
10:16 Feudal Age
9:23 Loom
16:02 Castle Age
15:24 Double-Bit Axe
15:46 Gold Mining
24:09 Bow Saw
26:15 Horse Collar
27:19 Wheelbarrow
28:45 Fletching
33:18 Imperial Age
31:04 Bodkin Arrow
32:12 Ballistics
34:09 Bracer
35:14 Chemistry
40:37 Padded Archer Armor
41:04 Crossbowman
42:10 Conscription
42:40 Arbalester
44:48 Thumb Ring
45:28 Leather Archer Armor
dennis2_02
7:16 Loom
9:26 Feudal Age
10:40 Double-Bit Axe
10:37 Horse Collar
19:53 Castle Age
18:52 Wheelbarrow
19:04 Scale Barding Armor
19:07 Gold Mining
19:43 Bloodlines
20:16 Forging
22:09 Bow Saw
21:49 Capped Ram
24:10 Chain Barding Armor
25:50 Heavy Plow
30:03 Imperial Age
28:35 Iron Casting
30:23 Elite Steppe Lancer
31:05 Scale Mail Armor
32:06 Blast Furnace
31:44 Plate Barding Armor
32:50 Gold Shaft Mining
31:47 Siege Ram
34:38 Pikeman
35:19 Squires
35:23 Scale Mail Armor
35:47 Conscription
35:35 Halberdier
37:05 Hand Cart
37:34 Chain Mail Armor
39:19 Plate Mail Armor
47:31 Crop Rotation
48:56 Two-Man Saw
布布
9:38 Feudal Age
10:50 Double-Bit Axe
13:11 Castle Age
11:50 Horse Collar
14:16 Bow Saw
17:16 Heavy Plow
20:24 Wheelbarrow
21:10 Gold Mining
21:10 Stone Mining
25:33 Imperial Age
23:51 Fletching
24:01 Padded Archer Armor
25:04 Gold Shaft Mining
24:35 Crossbowman
25:11 Bodkin Arrow
25:31 Leather Archer Armor
25:44 Ballistics
26:11 Hand Cart
27:23 Chemistry
26:57 Bracer
28:20 Thumb Ring
29:09 Conscription
29:27 Loom
29:27 Town Watch
29:21 Arbalester
30:52 Torsion Engines
31:38 Halberdier
33:36 Squires
33:44 Town Patrol
34:13 Scale Mail Armor
34:23 Forging
34:44 Ring Archer Armor
35:34 Two-Man Saw
35:11 Stone Shaft Mining
36:05 Chain Mail Armor
36:25 Iron Casting
36:37 Siege Engineers
36:45 Masonry
37:13 Guard Tower
38:39 Plate Mail Armor
38:56 Architecture
40:47 Blast Furnace
39:10 Elite Shotel Warrior
39:21 Sappers
40:12 Capped Ram
41:31 Arson
46:52 Keep
46:36 Guilds
47:41 Caravan
48:26 Siege Ram
Sekov
8:38 Loom
10:23 Feudal Age
14:43 Castle Age
12:32 Horse Collar
13:00 Double-Bit Axe
16:19 Bow Saw
18:07 Wheelbarrow
20:23 Town Watch
20:57 Hand Cart
21:18 Gold Mining
21:39 Heavy Plow
23:00 Stone Mining
28:47 Imperial Age
26:52 Forging
27:21 Squires
27:28 Scale Barding Armor
26:56 Vendel Legacy
27:56 Bloodlines
28:22 Husbandry
29:10 Chain Barding Armor
29:00 Cavalier
30:40 Plate Barding Armor
30:34 Conscription
31:31 Stone Shaft Mining
32:20 Iron Casting
32:34 Light Cavalry
34:21 Hussar
36:22 Blast Furnace
35:56 Crop Rotation
36:27 Two-Man Saw
35:13 Treadmill Crane
36:35 Chemistry
35:46 Masonry
37:23 Pikeman
38:28 Scale Mail Armor
37:53 Elite Varangian Guard
38:22 Gothikon
38:54 Gambesons
40:02 Chain Mail Armor
40:28 Fletching
41:01 Ballistics
41:12 Architecture
40:26 Man-at-Arms
43:14 Plate Mail Armor
44:32 Caravan
44:42 Siege Engineers
45:08 Arson
45:19 Fletching
45:26 Murder Holes
47:49 Bodkin Arrow
49:02 Bracer
50:06 Coinage
49:47 Guilds
lootingbear
5:58 Loom
8:20 Feudal Age
9:34 Fletching
22:01 Castle Age
23:10 Gold Mining
23:01 Horse Collar
24:57 Double-Bit Axe
31:20 Padded Archer Armor
32:39 Bloodlines
38:37 Imperial Age
42:48 Wheelbarrow
44:33 Bodkin Arrow
44:21 Elite Skirmisher
46:26 Bracer
46:41 Leather Archer Armor
47:13 Ballistics
49:11 Forging
49:06 Scale Barding Armor
Vermilionz
9:57 Feudal Age
13:28 Castle Age
11:36 Double-Bit Axe
19:38 Horse Collar
20:47 Bow Saw
23:30 Wheelbarrow
23:26 Heavy Plow
25:13 Gold Mining
25:14 Stone Mining
26:52 Hand Cart
27:02 Loom
29:58 Imperial Age
28:10 Scale Mail Armor
28:20 Forging
29:21 Gold Shaft Mining
29:21 Stone Shaft Mining
29:57 Chain Mail Armor
30:17 Iron Casting
29:29 Town Watch
29:56 Pikeman
31:00 Conscription
30:02 Capped Ram
31:05 Squires
30:52 Arson
30:31 Halberdier
30:52 Siege Ram
32:27 Plate Mail Armor
32:58 Blast Furnace
31:54 Onager
33:10 Siege Onager
33:58 Siege Engineers
33:55 Fletching
34:05 Padded Archer Armor
35:19 Hoardings
35:24 Bodkin Arrow
35:44 Masonry
36:34 Chemistry
35:54 Ballistics
36:23 Caravan
35:46 Northmen's Fury
36:23 Hamask
37:32 Elite Varangian Guard
40:06 Elite Jomsviking
41:04 Bracer
41:04 Padded Archer Armor
45:29 Hoardings
48:07 Murder Holes
CBRM
10:15 Feudal Age
14:18 Castle Age
12:19 Double-Bit Axe
12:35 Horse Collar
15:31 Loom
22:54 Wheelbarrow
23:10 Bow Saw
25:13 Gold Mining
26:10 Hand Cart
26:04 Heavy Plow
30:25 Imperial Age
28:32 Scale Barding Armor
28:28 Grand Trunk Road
29:10 Bloodlines
29:01 Husbandry
29:35 Chain Barding Armor
30:06 Forging
30:44 Heavy Camel Rider
31:54 Conscription
32:33 Imperial Camel Rider
33:50 Iron Casting
34:29 Plate Barding Armor
34:53 Town Watch
37:04 Blast Furnace
36:56 Padded Archer Armor
38:45 Two-Man Saw
40:19 Leather Archer Armor
40:16 Siege Elephant
42:34 Chemistry
42:42 Thumb Ring
45:31 Shatagni
46:14 Light Cavalry
徽sir
9:40 Feudal Age
13:31 Castle Age
11:32 Double-Bit Axe
16:06 Bow Saw
19:33 Gold Mining
20:45 Fletching
22:12 Bodkin Arrow
24:51 Wheelbarrow
24:15 Stone Mining
29:46 Imperial Age
28:10 Padded Archer Armor
29:11 Hand Cart
29:13 Leather Archer Armor
29:55 Gold Shaft Mining
29:56 Stone Shaft Mining
29:50 Loom
29:51 Town Watch
30:20 Fortified Wall
30:30 Ballistics
31:58 Bracer
33:05 Conscription
Connection lost

Rejoining the realm…

Still unreachable

The connection could not be restored.

Session expired

The server has moved on; the page needs a fresh start.